 Dungeon Crawl Stone Soup version 0.30-a0-930-gb9d0489357 (webtiles) character file.

Game seed: 5475241481086095953

567 cheesebisquit the Trooper (level 7, 0/91 HPs)
             Began as a Hill Orc Fighter on Mar 23, 2023.
             Was a Follower of Beogh.
             Slain by a vampire mosquito (6 damage)
             ... on level 5 of the Dungeon.
             The game lasted 00:10:45 (3447 turns).

cheesebisquit the Trooper (Hill Orc Fighter)        Turns: 3447, Time: 00:10:45

Health: 0/91       AC: 23    Str: 21    XL:     7   Next: 33%
Magic:  7/7        EV:  2    Int:  8    God:    Beogh [*.....]
Gold:   283        SH:  5    Dex: 16    Spells: 6/6 levels left

rFire   . . .      SeeInvis .    (no weapon)
rCold   + . .      Faith    .    c - +0 buckler
rNeg    . . .      Spirit   .    u - melded +0 chain mail
rPois   +          Reflect  .    k - melded +0 helmet
rElec   .          Rampage  .    (cloak currently unavailable)
rCorr   .          NoTele   +    m - melded +0 pair of gloves
Will    .....                    f - melded +0 pair of boots
Stlth   +                        (no amulet)
HPRegen 0.35/turn                q - ring of protection from cold
MPRegen 0.10/turn                A - +6 ring of dexterity

@: tree-form, attractive
A: stationary, stasis, torment immunity, boosted hp
a: Renounce Religion


You were on level 5 of the Dungeon.
You worshipped Beogh.
Beogh was aware of your devotion.
You were a tree.
You visited 1 branch of the dungeon, and saw 5 of its levels.
You also visited: Sewer.

You collected 283 gold pieces.

Inventory:

Hand Weapons
 a - a +0 war axe
Missiles
 e - 11 poisoned darts (quivered)
Armour
 c - a +0 buckler (worn)
 f - a +0 pair of boots (melded)
 k - a +0 helmet (melded)
 m - a +0 pair of gloves (melded)
 u - a +0 chain mail (melded)
Jewellery
 q - a ring of protection from cold (left branch)
 A - a +6 ring of dexterity (right branch)
Scrolls
 b - a scroll of enchant weapon {unknown}
 d - 2 scrolls of fear {unknown}
 g - 5 scrolls of identify {unknown}
 h - 7 scrolls of teleportation
 i - 2 scrolls of enchant armour {unknown}
 o - a scroll of vulnerability {unknown}
 p - a scroll of acquirement {unknown}
 r - a scroll of amnesia {unknown}
 t - 2 scrolls of fog {unknown}
 x - a scroll of brand weapon {unknown}
 y - a scroll of blinking {unknown}
Potions
 j - 2 potions of lignification
 l - 5 potions of flight
 n - 2 potions of curing
 v - a potion of heal wounds {unknown}
 w - a potion of attraction
 z - a potion of haste {unknown}


   Skills:
 + Level 5.4 Fighting
 + Level 5.1 Axes
 + Level 4.9 Armour
 + Level 2.5 Dodging
 + Level 4.9 Shields


You had 6 spell levels left.
You didn't know any spells.
Your spell library was empty.

Dungeon Overview and Level Annotations

Branches:
Dungeon (5/15)             Temple (0/1) D:5           Sewer (visited)

Altars:
Uskayaw

Shops:
D:2 [


Message History

The vampire mosquito bites you!
* * * LOW HITPOINT WARNING * * *
The vampire mosquito draws strength from your injuries!
The vampire mosquito bites you but does no damage. x2
The vampire mosquito bites you.
* * * LOW HITPOINT WARNING * * *
The vampire mosquito draws strength from your injuries!
The vampire mosquito barely misses you.
The vampire mosquito bites you but does no damage.
The vampire mosquito bites you!
* * * LOW HITPOINT WARNING * * *
The vampire mosquito draws strength from your injuries!
The vampire mosquito bites you but does no damage.
It was a potion of lignification.
You turn into a tree.
Your +0 helmet melds into your body.
Your +0 pair of gloves melds into your body.
Your +0 pair of boots melds into your body.
Your +0 chain mail melds into your body.
Your roots penetrate the ground.
The vampire mosquito bites you but does no damage. x2
You are now empty-handed.
The vampire mosquito bites you but does no damage.
The vampire mosquito bites you.
* * * LOW HITPOINT WARNING * * *
The vampire mosquito draws strength from your injuries!
The vampire mosquito bites you but does no damage.
It was a potion of curing.
You feel better.
The vampire mosquito bites you but does no damage.
The vampire mosquito bites you!
* * * LOW HITPOINT WARNING * * *
The vampire mosquito draws strength from your injuries!
The vampire mosquito bites you but does no damage. x3
The vampire mosquito bites you!
* * * LOW HITPOINT WARNING * * *
The vampire mosquito draws strength from your injuries!
It was a potion of attraction.
You feel attractive to monsters.
You block the vampire mosquito's attack.
The vampire mosquito bites you.
You die...

..........##...##...##
..........##...######
..........##...#
#........>##...#
##.......###...#
#.......# #...####
##.....## .......
#.....## .......
##...y♣## ...y...
#...#yy##.y.....
##.###..#....... ##
##†........ #.........
##........ #........
#........ ##.#.....


You could see 3 vampire mosquitoes.

Vanquished Creatures
  A vampire mosquito (D:5)
  A phantom (D:4)
  A scorpion (D:4)
  Jessica (D:3)
  A sickly merfolk siren (Sewer)
  A malarious merfolk avatar (Sewer)
  8 adders
  A river rat (Sewer)
  A white imp (D:5)
  2 worms
  A dart slug (D:2)
  14 orcs
  11 ball pythons
  7 endoplasms
  4 giant cockroaches
  4 goblins
  12 hobgoblins
  9 jackals
  3 kobolds
  8 quokkas
  2 bats
  2 frilled lizards (Sewer)
  29 rats
124 creatures vanquished.

Vanquished Creatures (others)
  An orc (D:4)
1 creature vanquished.

Grand Total: 125 creatures vanquished

Notes
Turn   | Place    | Note
-------+----------+-------------------------------------------
     0 | D:1      | cheesebisquit the Hill Orc Fighter began the quest for the
                  | Orb.
     0 | D:1      | Reached XP level 1. HP: 19/19 MP: 1/1
    81 | D:1      | Reached XP level 2. HP: 17/27 MP: 2/2
   328 | D:1      | Found a faded altar of an unknown god.
   578 | D:2      | Reached XP level 3. HP: 32/33 MP: 3/3
   782 | D:2      | Found Relaud's Antique Armour Emporium.
   896 | D:2      | Reached skill level 1 in Dodging
   903 | D:2      | Reached XP level 4. HP: 20/40 MP: 4/4
  1288 | D:3      | Noticed Jessica
  1300 | D:3      | Killed Jessica
  1335 | D:3      | Reached XP level 5. HP: 15/47 MP: 5/5
  1524 | D:3      | Identified the +0 leather armour of Hepliaklqana's Esteem
                  | {Harm Regen+ rCorr Int-5}
  2099 | D:4      | Found a hide-covered altar of Uskayaw.
  2346 | D:4      | Noticed a phantom
  2362 | D:4      | Killed a phantom
  2363 | D:4      | Reached XP level 6. HP: 45/55 MP: 6/6
  2363 | D:4      | Became a worshipper of Beogh the Brigand
  2546 | D:4      | Found a glowing drain.
  2555 | Sewer    | Entered a sewer
  2563 | Sewer    | Reached skill level 5 in Fighting
  2929 | Sewer    | Reached * piety under Beogh
  3299 | D:5      | Entered Level 5 of the Dungeon
  3299 | D:5      | Found a staircase to the Ecumenical Temple.
  3346 | D:5      | Reached XP level 7. HP: 61/61 MP: 7/7
  3428 | D:5      | Noticed a vampire mosquito
  3428 | D:5      | Noticed a vampire mosquito
  3429 | D:5      | Noticed a vampire mosquito
  3429 | D:5      | Noticed a vampire mosquito
  3437 | D:5      | Killed a vampire mosquito
  3438 | D:5      | Reached skill level 5 in Axes
  3447 | D:5      | Slain by a vampire mosquito

Illustrated notes

Levels and vault maps discovered:
D:1:      dpeg_arrival_tiny_j, layout_rooms, basic_ecumenical_altar
D:2:      layout_rooms, serial_shops, nicolae_lakefront_shop, minmay_puff
D:3:      layout_basic, uniq_jessica
D:4:      layout_rooms, nicolae_uskayaw_dance_hall, cheibrodos_sewer_entry_bend
D:5:      layout_cave_pods, minmay_temple_entry_large_hall

Skill      XL: |  1  2  3  4  5  6  7 |
---------------+----------------------+-----
Axes           | 3 4 5 |  5.1
Fighting       | 4 5 |  5.4
Dodging        | 1 2 |  2.5
Shields        | 4 |  4.9
Armour         | 4 |  4.9

Action                     |  1- 3 |  4- 6 |  7- 9 || total
---------------------------+-------+-------+-------++-------
  Melee: War axe           |    83 |   241 |    14 ||   338
 Invoke: Convert to Beogh  |       |     1 |       ||     1
    Use: Potion            |       |     1 |     3 ||     4
 Armour: Scale mail        |    46 |    19 |       ||    65
         Chain mail        |       |   121 |    21 ||   142
         Skin              |       |       |     8 ||     8
  Dodge: Dodged            |    59 |    83 |     7 ||   149
  Block: Buckler           |    20 |    55 |    11 ||    86

Table legend: (Time is in decaauts)
 A = Elapsed time spent in this place.
 B = Non-inter-level travel time spent in this place.
 C = Inter-level travel time spent in this place.
 D = Time resting spent in this place.
 E = Time spent auto-exploring this place.
 F = Levels seen in this place.
 G = Mean time per level.
                   A        B        C        D        E       F      G
               +--------+--------+--------+--------+--------+-----+--------+
         Total |   3616 |   3488 |    128 |    196 |   2212 |   6 |  602.7 |
       Dungeon |   2920 |   2792 |    128 |     22 |   1971 |   5 |  584.0 |
         Sewer |    696 |    696 |      0 |    174 |    241 |   1 |  696.0 |
               +--------+--------+--------+--------+--------+-----+--------+

Top non-repeatable levels by time:
     D:3: 895 daAuts
     D:2: 760 daAuts
   Sewer: 696 daAuts
     D:4: 604 daAuts
     D:1: 507 daAuts
     D:5: 150 daAuts
